 Dungeon Crawl Stone Soup version 0.30-a0-719-gcc4359ea44 (webtiles) character file.

Game seed: 11361675881077159988

6 Arximoufas the Chopper (level 1, -5/16 HPs)
             Began as a Demonspawn Gladiator on Jan 26, 2023.
             Slain by a gnoll
             ... wielding a +0 flail
              (7 damage)
             ... on level 1 of the Dungeon.
             The game lasted 00:00:52 (139 turns).

Arximoufas the Chopper (Demonspawn Gladiator)        Turns: 139, Time: 00:00:53

Health: -5/16      AC:  9    Str: 14    XL:     1   Next: 75%
Magic:  1/1        EV:  6    Int:  9    God:
Gold:   10         SH:  0    Dex: 14    Spells: 0/0 levels left

rFire   . . .      SeeInvis .    a - +0 war axe
rCold   . . .      Faith    .    (no shield)
rNeg    . . .      Spirit   .    f - +0 chain mail
rPois   .          Reflect  .    c - +0 helmet
rElec   .          Harm     .    (no cloak)
rCorr   .          Rampage  .    (no gloves)
Will    .....                    (no boots) Stlth
                                 (no amulet)
HPRegen 0.22/turn                (no ring)
MPRegen 0.07/turn                (no ring)

@: no status effects
A: no striking features
a: no special abilities


You were on level 1 of the Dungeon.
You visited 1 branch of the dungeon, and saw 1 of its levels.

You collected 10 gold pieces.

Inventory:

Hand Weapons
 a - a +0 war axe (weapon)
Missiles
 d - 3 throwing nets (quivered)
 e - a javelin
 g - 5 poisoned darts
Armour
 c - a +0 helmet (worn)
 f - a +0 chain mail (worn)
Scrolls
 b - a scroll of identify {unknown}


   Skills:
 - Level 2.0 Fighting
 * Level 3.1 Axes
 - Level 1.7 Throwing
 - Level 2.6 Dodging


You couldn't memorise any spells.
You didn't know any spells.
Your spell library was empty.

Dungeon Overview and Level Annotations

Branches:
Dungeon (1/15)

Altars:


Message History

You kill the hobgoblin!
You miss the bat. The bat hits you but does no damage.
The bat completely misses you. The bat barely misses you.
Your Axes skill increases to level 3!
The bat hits you.
You are too injured to fight recklessly!
You are too injured to fight recklessly!
You are too injured to fight recklessly!
The bat hits you but does no damage. The bat barely misses you.
You miss the bat. The bat hits you but does no damage.
The bat barely misses you.
You hit the bat.
The bat is moderately wounded.
The bat barely misses you. The bat hits you but does no damage.
The bat hits you but does no damage.
You closely miss the bat.
The bat is moderately wounded.
The bat closely misses you. The bat hits you.
You barely miss the bat.
The bat is moderately wounded.
The bat barely misses you. The bat hits you.
You hit the bat.
You kill the bat!
You start resting.
HP restored.
b - a scroll labelled WYRGHI VOWNU You see here a ball python corpse.
You see here 5 poisoned darts.
g - 5 poisoned darts You see here a ball python corpse.
A gnoll comes into view. It is wielding a +0 flail.
The gnoll hits you with a +0 flail.
You barely miss the gnoll. The gnoll hits you with a +0 flail!
You are too injured to fight recklessly!
You are too injured to fight recklessly!
You hit the gnoll but do no damage. The gnoll hits you with a +0 flail!
* * * LOW HITPOINT WARNING * * *
The gnoll hits you with a +0 flail!
You die...

#........##..##..##.#
#.8..
#......†.#.[......#.#
#...#
####..............# #
#..##
###..†..##.....!.#
#..#
#........##..........
#...
#.##.....##.......##..
#.## #
#.)...##.####### .
#......#.# #.....$.@#
#.....#..g...#
#......##.###.#
#.#.##....# ...#.
#.#### .. #. #.# #.


You could see a gnoll.

Vanquished Creatures
  A bat (D:1)
  A giant cockroach (D:1)
  A hobgoblin (D:1)
  A ball python (D:1)
  A frilled lizard (D:1)
  A rat (D:1)
6 creatures vanquished.

Notes
Turn   | Place    | Note
-------+----------+-------------------------------------------
     0 | D:1      | Arximoufas the Demonspawn Gladiator began the quest for the
                  | Orb.
     0 | D:1      | Reached XP level 1. HP: 16/16 MP: 1/1
    72 | D:1      | Reached skill level 3 in Axes
   139 | D:1      | Slain by a gnoll

Illustrated notes

Levels and vault maps discovered:
D:1:      grunt_arrival_crossed_arrows, layout_rooms

Skill      XL: |  1 |
---------------+----+-----
Axes           | 3 |  3.1
Fighting       | |  2.0
Throwing       | |  1.7
Dodging        | |  2.6

Action                     || total
---------------------------++-------
  Melee: War axe           ||    28
 Armour: Chain mail        ||    12
         Leather armour    ||     4
  Dodge: Dodged            ||    32

Table legend: (Time is in decaauts)
 A = Elapsed time spent in this place.
 B = Non-inter-level travel time spent in this place.
 C = Inter-level travel time spent in this place.
 D = Time resting spent in this place.
 E = Time spent auto-exploring this place.
 F = Levels seen in this place.
 G = Mean time per level.
                   A        B        C        D        E       F      G
               +--------+--------+--------+--------+--------+-----+--------+
         Total |    148 |    148 |      0 |     41 |     32 |   1 |  148.0 |
       Dungeon |    148 |    148 |      0 |     41 |     32 |   1 |  148.0 |
               +--------+--------+--------+--------+--------+-----+--------+

Top non-repeatable levels by time:
     D:1: 148 daAuts
